 Dungeon Crawl Stone Soup version 0.28-a0-730-g892d06dc2c (webtiles) character file.

Game seed: 8382693041985223420

1188 pokeman the Thaumaturge (level 8, -1/44 HPs)
             Began as a Deep Elf Hedge Wizard on Oct 28, 2021.
             Killed from afar by an electric eel (15 damage)
             ... with a bolt of electricity
             ... on level 6 of the Dungeon.
             The game lasted 00:12:35 (6962 turns).

pokeman the Thaumaturge (Deep Elf Hedge Wizard)     Turns: 6962, Time: 00:12:35

Health: -1/44      AC:  4    Str:  7    XL:     8   Next: 19%
Magic:  23/23      EV: 12    Int: 22    God:
Gold:   217        SH:  0    Dex: 14    Spells: 14/25 levels left

rFire   . . .      SeeInvis +   f - +2 dagger (drain)
rCold   . . .      Faith    .   (no shield)
rNeg    . . .      Spirit   .   n - +0 leather armour
rPois   .          Reflect  .   l - +0 helmet
rElec   .          Harm     .   (no cloak)
rCorr   .          Rampage  .   (no gloves)
Will    .....                   (no boots)
Stlth   ++........              (no amulet)
HPRegen 0.14/turn               b - ring of see invisible
MPRegen 0.18/turn               (no ring)

@: no status effects
A: no striking features
a: no special abilities


You were on level 6 of the Dungeon.
You visited 1 branch of the dungeon, and saw 6 of its levels.

You collected 217 gold pieces.

Inventory:

Hand Weapons
 f - a +2 dagger of draining (weapon)
Missiles
 d - 56 arrows
 j - 46 bolts
 w - 6 curare-tipped darts
Armour
 l - a +0 helmet (worn)
 n - a +0 leather armour (worn)
 p - a scarf of shadows
Magical Staves
 m - a staff of air
Jewellery
 b - a ring of see invisible (left hand)
Wands
 t - a wand of polymorph (11)
 u - a wand of charming (7)
Scrolls
 a - 8 scrolls of teleportation {unknown}
 e - 3 scrolls of magic mapping {unknown}
 h - 2 scrolls of identify {unknown}
 o - a scroll of holy word {unknown}
 q - a scroll of enchant weapon {unknown}
 r - a scroll of blinking {unknown}
 s - a scroll of silence {unknown}
 v - a scroll of amnesia {unknown}
 x - a scroll of fog {unknown}
Potions
 c - a potion of degeneration {unknown}
 g - 2 potions of curing
 i - 3 potions of lignification {unknown}
 k - a potion of haste {unknown}


   Skills:
 - Level 2.0 Fighting
 + Level 1.4 Armour
 - Level 3.0 Dodging
 - Level 3.1 Stealth
 * Level 9.4 Spellcasting
 + Level 5.3 Conjurations
 - Level 1.1 Summonings
 - Level 1.1 Translocations
 + Level 2.9 Fire Magic
 - Level 1.1 Air Magic
 - Level 1.0 Poison Magic
 - Level 1.0 Evocations


You had 14 spell levels left.
You knew the following spells:

 Your Spells              Type           Power      Damage    Failure   Level
a - Magic Dart            Conj           100%       1d8       1%          1
b - Mephitic Cloud        Conj/Pois/Air  21%        N/A       10%         3
c - Call Imp              Summ           15%        N/A       9%          2
d - Blink                 Tloc           30%        N/A       9%          2
e - Conjure Flame         Conj/Fire      28%        6-21      5%          3

Your spell library contained the following spells:

 Spells                   Type           Power      Damage    Failure   Level
 Slow                     Hex            10%        N/A       14%         2
 Gell's Gravitas          Tloc           7%         N/A       19%         3
 Lesser Beckoning         Tloc           15%        N/A       19%         3
 Teleport Other           Tloc           15%        N/A       19%         3
 Olgreb's Toxic Radiance  Pois           15%        N/A       52%         4
 Ozocubu's Refrigeration  Ice            5%         4d6       100%        7
 Ignition                 Fire           11%        3d5       100%        8


Dungeon Overview and Level Annotations

Branches:
Dungeon (6/15)
 Temple: D:4-7

Altars:
Makhleb
Xom

Shops:
D:2 (

Annotations:
D:3 2 runed translucent doors, Crazy Yiuf; tatocazan's ghost, amateur DEAE


Message History

Confirm with . or Enter, or press ? or * to list all spells.
Aiming: Magic Dart (safe; 1% risk of failure)
Press: ? - help, Shift-Dir - straight line, f/p - dart slug
Aim: a dart slug (heavily wounded, 100% to hit)
The magic dart hits the dart slug.
You kill the dart slug!
Casting: Magic Dart (safe; 1% risk of failure)
Confirm with . or Enter, or press ? or * to list all spells.
You can't see any susceptible monsters within range! (Use Z to cast anyway.) Unknown command.
Casting: Magic Dart (safe; 1% risk of failure)
Confirm with . or Enter, or press ? or * to list all spells.
You can't see any susceptible monsters within range! (Use Z to cast anyway.) Unknown command.
Casting: Magic Dart (safe; 1% risk of failure)
Confirm with . or Enter, or press ? or * to list all spells.
You can't see any susceptible monsters within range! (Use Z to cast anyway.) Unknown command.
HP restored.
Things that are here:
a +0 flail; a dart slug corpse
Found an escape hatch in the floor.
Found a stone staircase leading down.
Found 15 stones.
Found an escape hatch in the ceiling.
Found a stone staircase leading up.
Casting: Magic Dart (safe; 1% risk of failure)
Confirm with . or Enter, or press ? or * to list all spells.
Aiming: Magic Dart (safe; 1% risk of failure)
Press: ? - help, Shift-Dir - straight line, f - electric eel
Aim: an electric eel (water, wandering, hasn't noticed you, 100% to hit)
The magic dart hits the electric eel.
The electric eel is lightly wounded.
The electric eel shoots out a bolt of lightning at you!
The bolt of electricity hits you!
The electric eel shoots out a bolt of lightning at you!
The bolt of electricity hits you!
The electric eel shoots out a bolt of lightning at you!
The bolt of electricity hits you!
The electric eel shoots out a bolt of lightning at you!
The bolt of electricity hits you!
You die...

#.# ##### #.# #.#
#....## #.# .#..
###...... #.# ##...
. #.......# #.# .>..
<. #.....###.#
>.##≈≈.
#......##.###.#.≈#≈≈
#......##..).†≈≈≈≈≈≈
#.......@.#.#≈≈≈#≈≈≈
#.###.###.##.≈≈≈≈#
.. #.# #..#≈≈≈≈≈≈≈≈
# #.# ##.≈≈≈≈≈≈≈≈≈
#.# .≈≈#$⌠.≈.. #.#
#..≈≈.$...< #.#
##≈≈SS/≈≈.( #.#
#≈≈#≈≈≈≈#≈≈≈ ≈≈
####.#
##≈≈≈≈≈≈≈≈≈##≈≈


You could see 2 electric eels.

Vanquished Creatures
  Grinder (D:3)
  Sigmund (D:5)
  A bullfrog (D:4)
  2 scorpions
  2 howler monkeys
  An electric eel (D:6)
  2 jellies
  A centaur zombie (D:5)
  A bullfrog skeleton (D:5)
  A centaur skeleton (D:6)
  2 orc priests (D:3)
  2 iguanas (D:4)
  Terence (D:2)
  An orc wizard (D:3)
  Ijyb (D:5)
  A hound skeleton (D:4)
  Robin (D:2)
  4 adders
  A white imp (D:5)
  4 worms
  9 dart slugs
  9 orcs
  6 bats
  7 endoplasms
  4 giant cockroaches
  13 goblins
  6 hobgoblins
  5 jackals
  4 quokkas
  7 ball pythons
  2 frilled lizards
  4 kobolds
  2 rats
109 creatures vanquished.

Vanquished Creatures (collateral kills)
  A hobgoblin (D:2)
  A kobold (D:4)
2 creatures vanquished.

Vanquished Creatures (others)
  A fungus (D:1)
  2 plants (D:1)
3 creatures vanquished.

Grand Total: 114 creatures vanquished

Notes
Turn   | Place    | Note
-------+----------+-------------------------------------------
     0 | D:1      | pokeman the Deep Elf Hedge Wizard began the quest for the
                  | Orb.
     0 | D:1      | Reached XP level 1. HP: 10/10 MP: 7/7
   197 | D:1      | Reached XP level 2. HP: 16/16 MP: 4/9
   405 | D:1      | Found a faded altar of an unknown god.
   870 | D:2      | Reached skill level 5 in Spellcasting
  1037 | D:2      | Found Weokaagu's Antique Weapon Boutique.
  1194 | D:2      | Reached XP level 3. HP: 20/20 MP: 8/11
  1198 | D:2      | Learned a level 3 spell: Mephitic Cloud
  1201 | D:2      | Learned a level 2 spell: Call Imp
  1204 | D:2      | Learned a level 2 spell: Blink
  1208 | D:2      | Learned a level 3 spell: Conjure Flame
  1521 | D:2      | HP: 1/20 [goblin[Robin] (2)]
  1580 | D:2      | Reached skill level 1 in Armour
  1880 | D:2      | Noticed Terence
  1899 | D:2      | Killed Terence
  1900 | D:2      | Reached skill level 1 in Fighting
  1900 | D:2      | Reached XP level 4. HP: 24/25 MP: 5/13
  2228 | D:2      | Noticed Robin
  2233 | D:2      | Killed Robin
  2514 | D:3      | Found a burning altar of Makhleb.
  2931 | D:3      | Found a runed translucent door.
  2932 | D:3      | Noticed Crazy Yiuf
  3017 | D:3      | Reached skill level 6 in Spellcasting
  3017 | D:3      | Reached skill level 1 in Fire Magic
  3017 | D:3      | Reached XP level 5. HP: 21/29 MP: 9/15
  3126 | D:3      | Noticed Grinder
  3129 | D:3      | Paralysed by Grinder for 2 turns
  3251 | D:3      | Killed Grinder
  3252 | D:3      | Reached skill level 7 in Spellcasting
  3252 | D:3      | Reached XP level 6. HP: 26/34 MP: 0/18
  3455 | D:3      | HP: 1/34 [orc priest/divine providence (13)]
  4287 | D:3      | Found a runed translucent door.
  4288 | D:3      | Noticed tatocazan's ghost (amateur DEAE)
  4630 | D:4      | Reached skill level 1 in Air Magic
  4644 | D:4      | Reached XP level 7. HP: 20/38 MP: 7/20
  4857 | D:4      | Reached skill level 8 in Spellcasting
  4857 | D:4      | Reached skill level 1 in Evocations
  5119 | D:4      | Reached skill level 1 in Poison Magic
  5520 | D:5      | Entered Level 5 of the Dungeon
  5520 | D:5      | Noticed Ijyb
  5539 | D:5      | Noticed Sigmund
  5799 | D:5      | Killed Ijyb
  5844 | D:5      | Killed Sigmund
  5845 | D:5      | Reached skill level 9 in Spellcasting
  5845 | D:5      | Reached skill level 5 in Conjurations
  5845 | D:5      | Reached XP level 8. HP: 12/44 MP: 9/23
  6415 | D:5      | Found a shimmering altar of Xom.
  6962 | D:6      | Killed from afar by an electric eel

Illustrated notes

Levels and vault maps discovered:
D:1:      lemuel_arrival_river_ford, layout_rooms, shapermc_ecumenical_altar_gd
D:2:      layout_loops_cross, serial_shops, shop, uniq_robin, uniq_terence
D:3:      layout_loops_ring, mainiacjoe_overflow_small_starburst,
          ebering_ghost_inner_flame, serial_forest, infiniplex_forest_zigzag_1,
          infiniplex_forest_diagonal, infiniplex_forest_zigzag_1,
          infiniplex_forest_straight_5, infiniplex_forest_lined_ring,
          infiniplex_forest_zigzag_1, supply_closet_lemuel,
          nrook_mini_backslash, uniq_crazy_yiuf_cottage, uniq_grinder
D:4:      layout_loops_cross, st_stairs_10, minmay_misc_feat_tower
D:5:      layout_cave_pools, lemuel_tele_altar, st_stairs_5, uniq_ijyb,
          uniq_sigmund
D:6:      kennysheep_slugbush, layout_basic, kennysheep_mini_moat, bloody_trog,
          minmay_temple_entry_proselytizer, ebering_dispersal_statue_hall

Skill      XL: |  1  2  3  4  5  6  7 |
---------------+----------------------+-----
Spellcasting   | 5 6 7 9 |  9.4
Armour         | 1 |  1.4
Fighting       | 1 2 |  2.0
Conjurations   | 2 3 4 5 |  5.3
Dodging        | 3 |  3.0
Fire Magic     | 1 2 |  2.9
Stealth        | 3 |  3.1
Air Magic      | 1 |  1.1
Evocations     | 1 |  1.0
Poison Magic   | 1 |  1.0
Summonings     | |  1.1
Translocations | |  1.1

Action                   |  1- 3 |  4- 6 |  7- 9 || total
-------------------------+-------+-------+-------++-------
Melee: Dagger            |    19 |    31 |    34 ||    84
 Cast: Magic Dart        |    85 |    93 |    75 ||   253
       Call Imp          |     2 |     2 |       ||     4
       Mephitic Cloud    |     1 |     8 |    12 ||    21
       Conjure Flame     |     1 |     2 |     4 ||     7
 Stab: Confused          |       |     3 |     3 ||     6
Armor: Robe              |     3 |       |       ||     3
       Leather armour    |       |    10 |    16 ||    26
Dodge: Dodged            |    16 |    21 |    38 ||    75

Table legend: (Time is in decaauts)
 A = Elapsed time spent in this place.
 B = Non-inter-level travel time spent in this place.
 C = Inter-level travel time spent in this place.
 D = Time resting spent in this place.
 E = Time spent auto-exploring this place.
 F = Levels seen in this place.
 G = Mean time per level.
                   A        B        C        D        E       F      G
               +--------+--------+--------+--------+--------+-----+--------+
         Total |   6971 |   6823 |    148 |    870 |   5046 |   6 | 1161.8 |
       Dungeon |   6971 |   6823 |    148 |    870 |   5046 |   6 | 1161.8 |
               +--------+--------+--------+--------+--------+-----+--------+

Top non-repeatable levels by time:
     D:2: 1646 daAuts
     D:3: 1639 daAuts
     D:4: 1617 daAuts
     D:5: 981 daAuts
     D:1: 850 daAuts
     D:6: 235 daAuts
